AoeStats
← BronzyRex6

Golden Pit

503225975Analyzed
1v1 RM · 1mo ago on Aug 30, 2026· 59m 33s· 2 players
Game mode
Random Map
Map size
Tiny (2 player)
Population
200
Speed
Normal
Resources
Standard
Victory
Conquest
Starting age
Dark Age
Ending age
Imperial Age
RankedLock teamsTeams togetherTeam positionsShared explorationLock speedFull tech treeHidden civsTurbo modeCheats
Victory
Defeat
🇨🇱 Chinese · Chile
543
+13
🇭🇺 Khmer · Hungary
467
-13
zdary
12:11 Feudal Age
13:39 Wheelbarrow
12:52 Double-Bit Axe
12:48 Horse Collar
13:00 Gold Mining
14:29 Loom
16:38 Stone Mining
27:15 Castle Age
26:54 Padded Archer Armor
26:45 Fletching
26:56 Scale Mail Armor
28:13 Hand Cart
28:11 Heavy Plow
28:23 Bow Saw
30:12 Town Watch
30:45 Leather Archer Armor
30:25 Bodkin Arrow
30:40 Thumb Ring
29:55 Elite Skirmisher
35:18 Forging
35:23 Chain Mail Armor
35:12 Squires
34:32 Pikeman
35:16 Town Patrol
36:35 Ballistics
36:27 Masonry
36:14 Murder Holes
38:21 Iron Casting
38:54 Gold Shaft Mining
38:57 Stone Shaft Mining
42:31 Imperial Age
40:37 Guard Tower
43:48 Conscription
42:54 Elite Chu Ko Nu
45:05 Chemistry
44:36 Architecture
44:42 Keep
44:37 Heavy Rocket Cart
46:49 Rocketry
47:07 Great Wall
48:59 Ring Archer Armor
48:29 Bracer
49:31 Blast Furnace
49:01 Plate Mail Armor
49:43 Two-Man Saw
50:17 Halberdier
50:52 Arrowslits
BronzyRex6
1:06 Loom
13:38 Feudal Age
18:03 Castle Age
28:16 Wheelbarrow
27:29 Horse Collar
34:08 Imperial Age
32:05 Double-Bit Axe
32:22 Heavy Plow
35:56 Scale Barding Armor
36:59 Double Crossbow
37:20 Conscription
39:44 Bow Saw
41:26 Elite Ballista Elephant
43:36 Chain Barding Armor
43:27 Forging
43:52 Town Watch
44:35 Husbandry
44:45 Bloodlines
46:03 Gold Mining
48:18 Plate Barding Armor
48:19 Iron Casting
49:02 Town Patrol
50:13 Hand Cart
51:06 Chemistry
50:03 Murder Holes
Connection lost

Rejoining the realm…

Still unreachable

The connection could not be restored.

Session expired

The server has moved on; the page needs a fresh start.